cohdb
Replays
Latest Replays
All Replays
Popular Replays
Top Player Replays
Match Explorer
How It Works
Community
CoH3 Stats
Reddit
Sign in to upload your games and track your stats! →
Sign in with Steam
Match 45717016
Unlisted
Match 45717016
Overview
Messages
Build Orders
End
Engineer Squad
Selects Airborne Battlegroup
Selects Heavy Machine Gun Paradrop
Heavy Machine Gun Paradrop
Construct Barracks
Riflemen Squad
Riflemen Squad
Riflemen Squad
Mechanized Support Center
Construct Motor Pool
M8 Greyhound Armored Car
Engineer Squad
Designate Forward Repair Station
M1 Anti-tank Gun Team
Selects Recon Loiter
Selects Supply Drop
M1918 Browning Automatic Rifles
Recon Loiter
Construct Tank Depot
Esxile
Bernadette La Chouette
REDFORCE
Take care of yourself
0
0
Comments
sign in to comment!
No comments posted yet!